 Dungeon Crawl Stone Soup version 0.21-a0-538-gd16b88a (webtiles) character file.

102 slep the Chopper (level 4, 0/24 HPs)
             Began as a Vine Stalker Monk on Dec 17, 2017.
             Slain by an adder (1 damage)
             ... on level 3 of the Dungeon.
             The game lasted 00:05:02 (1363 turns).

slep the Chopper (Vine Stalker Monk)                Turns: 1363, Time: 00:05:02

Health: 0/24       AC:  3    Str: 14    XL:     4   Next: 78%
Magic:  0/14       EV: 13    Int: 14    God:
Gold:   49         SH:  0    Dex: 17    Spells: 3/3 levels left

rFire    . . .     SeeInvis .   a - +0 hand axe
rCold    . . .     Gourm    .   (no shield)
rNeg     . . .     Faith    .   g - +0 leather armour
rPois    .         Spirit   +   (no helmet)
rElec    .         Reflect  .   (no cloak)
rCorr    .         Harm     .   (no gloves)
MR       .....                  (no boots)
Stlth    ++........             (no amulet)
HPRegen  0.48/turn              m - ring of magical power
MPRegen  0.14/turn              q - +4 ring of intelligence

@: lethally poisoned (0 -> 0)
A: fangs 2, regeneration 1, magic shield, antimagic bite, no potion heal 3, rot
immunity
a: no special abilities


You were on level 3 of the Dungeon.
You were not hungry.

You visited 1 branch of the dungeon, and saw 3 of its levels.

You collected 49 gold pieces.

Inventory:

Hand Weapons
 a - a +0 hand axe (weapon)
Missiles
 s - 14 poisoned needles
 t - 7 tomahawks (quivered)
Armour
 b - a +0 robe
 g - a +0 leather armour (worn)
Jewellery
 m - a ring of magical power (left hand)
 q - a +4 ring of intelligence (right hand)
Scrolls
 e - a scroll of identify {unknown}
 f - a scroll of teleportation {unknown}
 j - a scroll of noise {unknown}
 n - a scroll of fog {unknown}
 w - a scroll of remove curse {unknown}
Potions
 d - 2 potions of agility {unknown}
 i - a potion of heal wounds {unknown}
 k - a potion of might {unknown}
 l - a potion of brilliance {unknown}
 o - a potion of haste {unknown}
 u - a potion of curing {unknown}
 v - a potion of berserk rage {unknown}
Comestibles
 c - 2 bread rations
 h - 3 royal jellies
 p - 2 fruits
 r - a chunk of flesh


   Skills:
 + Level 3.4 Fighting
 + Level 3.4 Axes
 + Level 0.8 Armour
 + Level 3.0 Dodging
 + Level 2.8 Stealth


You had 3 spell levels left.
You didn't know any spells.

Dungeon Overview and Level Annotations

Branches:
Dungeon (3/15)

Altars:
Dithmenos
Gozag
The Shining One


Innate Abilities, Weirdness & Mutations

You have extremely sharp teeth.
Your natural rate of healing is unusually fast.
When hurt, damage is shared between your health and your magic reserves.
Your bite disrupts and absorbs the magic of your enemies.
Potions cannot restore your health.
You are immune to rotting.


Message History

You closely miss the adder. Your bite misses the adder.
The adder is severely wounded.
You hit the giant cockroach.
You feel sick. The adder bites you.
The orc priest invokes the aid of Beogh against you.
Beogh smites you! The giant cockroach barely misses you.
The adder closely misses you.
You closely miss the adder. Your bite misses the adder.
The adder is severely wounded.
You hit the giant cockroach but do no damage.
You hit the orc priest but do no damage.
The orc priest closely misses you. The giant cockroach closely misses you.
The orc priest mumbles some strange prayers to Beogh against you.
Beogh smites you!
* * * LOW HITPOINT WARNING * * *
The adder closely misses you. The giant cockroach barely misses you.
The orc priest hits you with a hand axe.
* * * LOW HITPOINT WARNING * * *
* * * LOW HITPOINT WARNING * * *
You feel sick. The orc closely misses you. The adder bites you.
You die...

#####
#######.(.########
<.......#........#
.######...######.#
#............###.##
.###########......#
## #######@o#####.
# .......Ssoo..>.
#######.o.o....
#.######. #.# #.#
#.# #.# ### #..


You could see 2 orc priests, an adder, 3 orcs and a giant cockroach.

Vanquished Creatures
  3 adders (D:2)
  2 oozes (D:1)
  A worm (D:2)
  2 dart slugs
  2 leopard geckos
  6 bats
  4 giant cockroaches
  9 goblins
  6 hobgoblins
  9 jackals
  A quokka (D:2)
  2 frilled lizards
  5 kobolds
  2 rats (D:1)
54 creatures vanquished.

Notes
Turn   | Place    | Note
-------+----------+-------------------------------------------
     0 | D:1      | slep the Vine Stalker Monk began the quest for the Orb.
     0 | D:1      | Reached XP level 1. HP: 11/11 MP: 2/2
    92 | D:1      | Reached XP level 2. HP: 9/16 MP: 3/3
   193 | D:1      | Reached XP level 3. HP: 2/20 MP: 1/4
   760 | D:2      | Found a shadowy altar of Dithmenos.
   928 | D:2      | Found a glowing golden altar of the Shining One.
   983 | D:2      | Gained mutation: Your natural rate of healing is unusually fast. [Vine Stalker growth]
   983 | D:2      | Reached XP level 4. HP: 4/24 MP: 4/5
  1248 | D:2      | Found an opulent altar of Gozag.
  1281 | D:2      | You fall through a shaft!
  1362 | D:3      | HP: 1/24 [orc priest/hand axe (3)]
  1363 | D:3      | Slain by an adder

Vault maps used:
D:1:      dpeg_arrival_snail
D:2:      grunt_gozag_statues, nicolae_dithmenos_shadow_blocks, tso_metal_star
D:3:      old_standard_altar

Skill      XL: |  1  2  3  4 |
---------------+-------------+-----
Fighting       | 3 |  3.4
Axes           | 3 |  3.4
Dodging        | 3 |  3.0
Armour         | |  0.8
Stealth        | |  2.8

Action                   |  1- 3 |  4- 6 || total
-------------------------+-------+-------++-------
Melee: Hand axe          |   110 |    56 ||   166
       Bite              |    28 |    17 ||    45
 Stab: Sleeping          |     2 |     3 ||     5
       Distracted        |       |     1 ||     1
  Eat: Chunk             |       |     2 ||     2
Armor: Robe              |    16 |       ||    16
       Leather armour    |    29 |    12 ||    41
Dodge: Dodged            |    97 |    52 ||   149

Table legend:
 A = Spawn XP
 B = Non-spawn XP
 C = Spawn XP percentage of total XP
 D = Spawn monster count
 E = Non-spawn monster count
 F = Spawn count percentage of total count
 G = Total turns spent on level
                    A         B        C        D         E        F      G
               +---------+---------+-------+---------+---------+-------+---------
         Total |       0 |     147 |   0.0 |       0 |      54 |   0.0 |  1363
               +---------+---------+-------+---------+---------+-------+---------
           D:1 |       0 |      58 |   0.0 |       0 |      26 |   0.0 |   736
           D:2 |       0 |      80 |   0.0 |       0 |      23 |   0.0 |   545
           D:3 |       0 |       9 |   0.0 |       0 |       5 |   0.0 |    82
               +---------+---------+-------+---------+---------+-------+---------
